AoeStats
← zisuku

Scandinavia

512933892Analyzed
1v1 RM · 3d ago on Oct 11, 2026· 64m 17s· 2 players
Game mode
Random Map
Map size
Tiny (2 player)
Population
200
Speed
Normal
Resources
Standard
Victory
Conquest
Starting age
Dark Age
Ending age
Imperial Age
RankedLock teamsTeams togetherTeam positionsShared explorationLock speedFull tech treeHidden civsTurbo modeCheats
Victory
Defeat
🇨🇳 Chinese · China
1219
+15
vs
🇷🇴 Portuguese · Romania
1191
-15
拼命三郎石秀
0:26 Loom
9:26 Feudal Age
10:44 Double-Bit Axe
13:32 Fletching
14:58 Horse Collar
20:49 Castle Age
19:19 Gold Mining
19:45 Padded Archer Armor
21:55 Crossbowman
22:54 Bow Saw
23:06 Bloodlines
22:17 Light Cavalry
37:34 Wheelbarrow
36:45 Town Watch
38:08 Leather Archer Armor
37:49 Bodkin Arrow
38:02 Scale Barding Armor
37:49 Stone Mining
37:52 Fishing Lines
44:29 Imperial Age
43:57 Ballistics
43:58 Masonry
45:13 Bracer
45:43 Ring Archer Armor
46:16 Chemistry
46:08 Stone Shaft Mining
46:11 Gold Shaft Mining
45:59 Hand Cart
46:07 Thumb Ring
46:28 Conscription
46:11 Cavalier
46:51 Husbandry
47:04 Elite Chu Ko Nu
49:42 Chain Barding Armor
49:32 Forging
51:46 Plate Barding Armor
51:49 Iron Casting
53:28 Bombard Tower
53:38 Architecture
53:07 Murder Holes
54:10 Great Wall
62:59 Stone Shaft Mining
65:30 Blast Furnace
zisuku
7:19 Loom
10:58 Feudal Age
15:30 Castle Age
13:53 Double-Bit Axe
14:41 Horse Collar
15:18 Fletching
15:50 Crossbowman
19:42 Ballistics
22:40 Bodkin Arrow
24:39 Town Watch
36:50 Imperial Age
37:25 Wheelbarrow
37:03 Arbalester
37:51 Bracer
39:47 Chemistry
40:33 Gold Mining
41:21 Padded Archer Armor
43:08 Hand Cart
47:04 Conscription
50:24 Thumb Ring
52:48 Treadmill Crane
57:20 Leather Archer Armor
Connection lost

Rejoining the realm…

Still unreachable

The connection could not be restored.

Session expired

The server has moved on; the page needs a fresh start.